[ AOE2 MATCH · #507278326 ]
UnrankedChinese vs Bulgarians
Player's team · LOSS
[ REPLAY ANALYSIS · EXTRACTED FROM THE RECORDED GAME ]
Feudal
10:07
Castle
14:25
Imperial
34:16
| APM avg | 45.2 |
| APM peak | 104 |
| eAPM avg | 29.5 |
| Villagers / military | 155 / 26 |
Focus
⚔️ 33.8% · 🌾 66.2%
Chu Ko Nu ×15 · Battering Ram ×6 · Trebuchet (Packed) ×3 · Monk ×1 · Iron Pagoda ×1
Feudal
9:58
Castle
23:17
Imperial
34:49
| APM avg | 34.3 |
| APM peak | 71 |
| eAPM avg | 23.8 |
| Villagers / military | 115 / 97 |
Focus
⚔️ 42.8% · 🌾 57.2%
Scout Cavalry ×69 · Battering Ram ×15 · Militia ×6 · Mangonel ×5 · Monk ×2
Match map
Initial resources + every placement click. Lines = walls · curves = elevation contours. ◆ gold · ⬟ stone · ● berries · ✦ relic · ◌ wall gap
Your base· ✓ Closed at 14:25 · 25t walls · 2 gate(s)
Kejserguldbajer 2.'s base· ✓ Closed at 23:17 · 0t walls · 3 gate(s)
Smoothed initial terrain · ◌ = detected wall gap · hover for details
Inputs per minute
— snowshawnskate - - Kejserguldbajer 2.
Build order — snowshawnskate
First 150 of 382 actions detected
| 0:01 | Research | Loom |
| 0:40 | Queue | Villager (Male) |
| 1:07 | Queue | Villager (Male) |
| 1:33 | Queue | Villager (Male) |
| 1:48 | Build | Lumber Camp |
| 2:00 | Queue | Villager (Male) |
| 2:21 | Queue | Villager (Male) |
| 2:24 | Build | Lumber Camp |
| 2:48 | Queue | Villager (Male) |
| 2:57 | Build | House |
| 3:09 | Queue | Villager (Male) |
| 3:27 | Build | House |
| 3:43 | Queue | Villager (Male) |
| 4:01 | Queue | Villager (Male) |
| 4:23 | Build | Mill |
| 4:33 | Queue | Villager (Male) |
| 4:41 | Queue | Villager (Male) |
| 4:53 | Queue | Villager (Male) |
| 5:10 | Queue | Villager (Male) |
| 5:38 | Queue | Villager (Male) |
| 5:53 | Queue | Villager (Male) |
| 6:15 | Queue | Villager (Male) |
| 6:33 | Queue | Villager (Male) |
| 7:29 | Build | Palisade Wall |
| 7:34 | Build | Mining Camp |
| 7:43 | Build | Lumber Camp |
| 7:57 | Research | Feudal Age |
| 8:43 | Build | Farm |
| 9:08 | Build | House |
| 9:46 | Queue | Villager (Male) |
| 9:46 | Queue | Villager (Male) |
| 10:07 | Age | Feudal Age |
| 10:10 | Queue | Villager (Male) |
| 10:12 | Build | Market |
| 10:15 | Build | Blacksmith |
| 10:24 | Build | Palisade Wall |
| 10:33 | Build | Palisade Wall |
| 11:08 | Build | Watch Tower |
| 11:45 | Research | Castle Age |
| 11:52 | Build | Mining Camp |
| 12:02 | Build | Stone Wall |
| 12:06 | Build | Stone Wall |
| 12:15 | Build | Stone Wall |
| 12:16 | Build | Stone Wall |
| 12:19 | Build | Stone Wall |
| 12:22 | Build | Stone Wall |
| 12:28 | Build | Stone Wall |
| 12:32 | Build | Stone Wall |
| 12:36 | Build | Stone Wall |
| 12:53 | Build | Stone Wall |
| 12:58 | Build | Stone Wall |
| 13:13 | Build | Stone Wall |
| 13:37 | Build | Stone Wall |
| 13:59 | Build | House |
| 14:07 | Research | Double-Bit Axe |
| 14:09 | Research | Horse Collar |
| 14:17 | Build | House |
| 14:25 | Age | Castle Age |
| 14:27 | Queue | Villager (Male) |
| 14:38 | Build | Town Center |
| 14:39 | Build | House |
| 15:26 | Queue | Villager (Male) |
| 15:35 | Queue | Villager (Male) |
| 15:49 | Queue | Villager (Male) |
| 15:52 | Build | House |
| 15:54 | Build | House |
| 15:57 | Build | House |
| 16:03 | Build | House |
| 16:06 | Build | House |
| 16:26 | Build | Town Center |
| 16:42 | Build | House |
| 16:54 | Build | Farm |
| 16:55 | Queue | Villager (Male) |
| 17:03 | Queue | Villager (Male) |
| 17:03 | Queue | Villager (Male) |
| 17:31 | Build | Farm |
| 17:42 | Build | Farm |
| 17:45 | Build | Farm |
| 17:53 | Build | Farm |
| 17:56 | Build | Farm |
| 18:08 | Queue | Villager (Male) |
| 18:09 | Queue | Villager (Male) |
| 18:09 | Queue | Villager (Male) |
| 18:17 | Build | Farm |
| 18:18 | Build | Farm |
| 18:19 | Build | Farm |
| 18:27 | Build | Farm |
| 18:37 | Queue | Villager (Male) |
| 19:01 | Queue | Villager (Male) |
| 19:01 | Queue | Villager (Male) |
| 19:01 | Queue | Villager (Male) |
| 19:18 | Build | Farm |
| 19:20 | Build | Farm |
| 19:23 | Build | Farm |
| 19:24 | Queue | Villager (Male) |
| 19:24 | Queue | Villager (Male) |
| 19:47 | Build | Siege Workshop |
| 19:49 | Queue | Villager (Male) |
| 19:53 | Build | Farm |
| 19:58 | Queue | Villager (Male) |
| 19:58 | Queue | Villager (Male) |
| 20:01 | Build | Farm |
| 20:04 | Build | Farm |
| 20:12 | Queue | Villager (Male) |
| 20:12 | Queue | Villager (Male) |
| 20:26 | Queue | Villager (Male) |
| 20:39 | Build | Palisade Gate |
| 20:50 | Build | House |
| 20:58 | Queue | Villager (Male) |
| 21:08 | Queue | Iron Pagoda |
| 21:15 | Build | Farm |
| 21:16 | Queue | Villager (Male) |
| 21:16 | Queue | Villager (Male) |
| 21:44 | Queue | Villager (Male) |
| 21:44 | Queue | Villager (Male) |
| 21:55 | Build | Farm |
| 22:02 | Queue | Villager (Male) |
| 22:06 | Build | Farm |
| 22:16 | Queue | Villager (Male) |
| 22:28 | Build | Town Center |
| 22:44 | Queue | Villager (Male) |
| 23:01 | Queue | Villager (Male) |
| 23:01 | Queue | Villager (Male) |
| 23:32 | Queue | Villager (Male) |
| 23:39 | Queue | Villager (Male) |
| 23:39 | Queue | Villager (Male) |
| 23:39 | Queue | Villager (Male) |
| 23:55 | Queue | Villager (Male) |
| 24:00 | Queue | Villager (Male) |
| 24:00 | Queue | Villager (Male) |
| 24:10 | Build | Farm |
| 24:21 | Build | House |
| 24:25 | Queue | Villager (Male) |
| 24:34 | Queue | Villager (Male) |
| 24:36 | Build | Farm |
| 24:38 | Build | Farm |
| 24:38 | Queue | Villager (Male) |
| 24:39 | Queue | Villager (Male) |
| 24:47 | Build | Farm |
| 24:56 | Queue | Villager (Male) |
| 25:03 | Queue | Villager (Male) |
| 25:18 | Queue | Villager (Male) |
| 25:22 | Queue | Villager (Male) |
| 25:23 | Queue | Villager (Male) |
| 25:29 | Build | Town Center |
| 25:30 | Queue | Villager (Male) |
| 25:39 | Build | House |
| 25:47 | Build | Palisade Wall |
| 26:01 | Queue | Villager (Male) |
| 26:07 | Build | Palisade Wall |
Build order — Kejserguldbajer 2.
First 150 of 326 actions detected
| 0:01 | Queue | Villager (Male) |
| 0:01 | Queue | Villager (Male) |
| 0:01 | Queue | Villager (Male) |
| 0:02 | Queue | Villager (Male) |
| 0:07 | Queue | Villager (Male) |
| 0:07 | Queue | Villager (Male) |
| 0:18 | Build | House |
| 0:24 | Build | House |
| 1:47 | Queue | Villager (Male) |
| 2:11 | Build | Lumber Camp |
| 2:16 | Queue | Villager (Male) |
| 2:16 | Queue | Villager (Male) |
| 2:46 | Queue | Villager (Male) |
| 2:47 | Queue | Villager (Male) |
| 3:04 | Queue | Villager (Male) |
| 3:27 | Queue | Villager (Male) |
| 3:48 | Build | House |
| 4:19 | Queue | Villager (Male) |
| 4:36 | Build | Mining Camp |
| 4:49 | Queue | Villager (Male) |
| 4:49 | Queue | Villager (Male) |
| 5:40 | Build | House |
| 5:43 | Queue | Villager (Male) |
| 5:44 | Queue | Villager (Male) |
| 6:33 | Queue | Villager (Male) |
| 6:36 | Queue | Villager (Male) |
| 6:59 | Research | Loom |
| 7:06 | Build | Barracks |
| 7:28 | Research | Feudal Age |
| 7:50 | Queue | Militia |
| 7:58 | Queue | Militia |
| 8:14 | Queue | Militia |
| 8:32 | Build | Mining Camp |
| 8:36 | Queue | Villager (Male) |
| 8:47 | Queue | Militia |
| 9:03 | Build | House |
| 9:10 | Build | House |
| 9:35 | Queue | Villager (Male) |
| 9:40 | Build | Mill |
| 9:52 | Queue | Villager (Male) |
| 9:58 | Age | Feudal Age |
| 10:01 | Build | Watch Tower |
| 10:12 | Research | Double-Bit Axe |
| 10:43 | Build | Farm |
| 11:05 | Build | Outpost |
| 11:07 | Build | Outpost |
| 11:19 | Queue | Villager (Male) |
| 11:19 | Queue | Villager (Male) |
| 11:40 | Build | Watch Tower |
| 11:50 | Queue | Villager (Male) |
| 12:01 | Build | House |
| 12:02 | Build | House |
| 12:17 | Queue | Villager (Male) |
| 12:18 | Queue | Villager (Male) |
| 12:19 | Build | Farm |
| 12:54 | Queue | Villager (Male) |
| 13:18 | Build | Blacksmith |
| 13:20 | Build | House |
| 13:22 | Queue | Villager (Male) |
| 13:52 | Queue | Villager (Male) |
| 14:07 | Build | Watch Tower |
| 14:10 | Queue | Villager (Male) |
| 14:16 | Build | House |
| 14:17 | Build | House |
| 14:19 | Queue | Villager (Male) |
| 14:34 | Research | Fletching |
| 15:03 | Research | Horse Collar |
| 15:07 | Queue | Villager (Male) |
| 15:33 | Build | Watch Tower |
| 15:36 | Queue | Villager (Male) |
| 15:39 | Build | Farm |
| 15:42 | Build | Farm |
| 15:46 | Build | Farm |
| 15:49 | Queue | Villager (Male) |
| 16:11 | Build | Farm |
| 16:23 | Queue | Villager (Male) |
| 16:26 | Build | Farm |
| 16:50 | Queue | Villager (Male) |
| 16:51 | Queue | Villager (Male) |
| 16:58 | Build | Farm |
| 17:22 | Queue | Villager (Male) |
| 17:22 | Queue | Villager (Male) |
| 17:23 | Queue | Villager (Male) |
| 17:25 | Build | Farm |
| 17:36 | Build | Watch Tower |
| 17:42 | Queue | Villager (Male) |
| 18:06 | Queue | Villager (Male) |
| 18:11 | Build | Farm |
| 18:13 | Build | Farm |
| 18:17 | Build | Farm |
| 18:49 | Research | Wheelbarrow |
| 18:57 | Build | Market |
| 20:05 | Build | Farm |
| 20:10 | Build | Farm |
| 20:11 | Build | Farm |
| 20:22 | Build | Watch Tower |
| 20:37 | Research | Castle Age |
| 21:59 | Build | Farm |
| 22:28 | Queue | Villager (Male) |
| 22:28 | Build | Farm |
| 22:30 | Build | Farm |
| 23:17 | Age | Castle Age |
| 23:26 | Build | Town Center |
| 23:27 | Research | Bow Saw |
| 23:30 | Build | Town Center |
| 23:45 | Queue | Militia |
| 23:45 | Queue | Militia |
| 23:47 | Queue | Villager (Male) |
| 23:47 | Queue | Villager (Male) |
| 24:01 | Build | Stone Wall |
| 24:19 | Queue | Villager (Male) |
| 24:28 | Queue | Villager (Male) |
| 24:31 | Build | Gate |
| 24:39 | Queue | Villager (Male) |
| 24:40 | Queue | Villager (Male) |
| 25:01 | Build | Town Center |
| 25:02 | Queue | Villager (Male) |
| 25:03 | Queue | Villager (Male) |
| 25:11 | Queue | Villager (Male) |
| 25:11 | Queue | Villager (Male) |
| 25:12 | Research | Heavy Plow |
| 25:31 | Queue | Villager (Male) |
| 25:40 | Build | Stone Wall |
| 25:42 | Queue | Villager (Male) |
| 25:42 | Research | Town Watch |
| 25:44 | Queue | Villager (Male) |
| 25:48 | Build | Farm |
| 25:51 | Build | Farm |
| 25:54 | Queue | Villager (Male) |
| 25:59 | Build | Farm |
| 25:59 | Build | Farm |
| 25:59 | Build | Farm |
| 26:00 | Build | Farm |
| 26:03 | Queue | Villager (Male) |
| 26:21 | Queue | Villager (Male) |
| 26:26 | Build | Stone Wall |
| 26:29 | Queue | Villager (Male) |
| 26:31 | Queue | Villager (Male) |
| 26:33 | Build | Mill |
| 26:34 | Build | Farm |
| 26:34 | Build | Farm |
| 26:34 | Build | Farm |
| 26:35 | Build | Farm |
| 26:36 | Queue | Villager (Male) |
| 26:51 | Queue | Villager (Male) |
| 27:02 | Queue | Villager (Male) |
| 27:05 | Queue | Villager (Male) |
| 27:12 | Queue | Villager (Male) |
| 27:12 | Queue | Villager (Male) |
| 27:30 | Build | Outpost |
Match timeline
| 7:06 | Kejserguldbajer 2. · first_building Barracks |
| 7:29 | snowshawnskate · wall_segment Palisade Wall x1 |
| 9:58 | Kejserguldbajer 2. · age_up feudal |
| 10:07 | snowshawnskate · age_up feudal |
| 10:24 | snowshawnskate · wall_segment Palisade Wall x7 |
| 10:33 | snowshawnskate · wall_segment Palisade Wall x4 |
| 11:39 | snowshawnskate · first_market_sell 100 wood |
| 11:41 | snowshawnskate · first_market_buy 100 food |
| 12:02 | snowshawnskate · wall_segment Stone Wall x1 |
| 12:06 | snowshawnskate · wall_segment Stone Wall x2 |
| 12:15 | snowshawnskate · wall_segment Stone Wall x1 |
| 12:16 | snowshawnskate · wall_segment Stone Wall x1 |
| 12:19 | snowshawnskate · wall_segment Stone Wall x1 |
| 12:22 | snowshawnskate · wall_segment Stone Wall x1 |
| 12:28 | snowshawnskate · wall_segment Stone Wall x1 |
| 12:32 | snowshawnskate · wall_segment Stone Wall x1 |
| 12:36 | snowshawnskate · wall_segment Stone Wall x1 |
| 12:53 | snowshawnskate · wall_segment Stone Wall x1 |
| 12:58 | snowshawnskate · wall_segment Stone Wall x1 |
| 13:13 | snowshawnskate · wall_segment Stone Wall x1 |
| 13:37 | snowshawnskate · wall_segment Stone Wall x1 |
| 14:25 | snowshawnskate · age_up castle |
| 19:47 | snowshawnskate · first_building Siege Workshop |
| 19:55 | Kejserguldbajer 2. · first_market_buy 100 food |
| 23:17 | Kejserguldbajer 2. · age_up castle |
| 24:01 | Kejserguldbajer 2. · wall_segment Stone Wall x8 |
| 25:40 | Kejserguldbajer 2. · wall_segment Stone Wall x9 |
| 25:47 | snowshawnskate · wall_segment Palisade Wall x1 |
| 26:07 | snowshawnskate · wall_segment Palisade Wall x1 |
| 26:26 | Kejserguldbajer 2. · wall_segment Stone Wall x3 |
| 27:48 | Kejserguldbajer 2. · wall_segment Stone Wall x3 |
| 28:03 | snowshawnskate · wall_segment Palisade Wall x1 |
| 28:09 | snowshawnskate · wall_segment Palisade Wall x1 |
| 28:12 | snowshawnskate · wall_segment Palisade Wall x1 |
| 28:13 | snowshawnskate · wall_segment Palisade Wall x1 |
| 28:14 | Kejserguldbajer 2. · first_building Stable |
| 28:26 | Kejserguldbajer 2. · first_building Krepost |
| 28:37 | snowshawnskate · first_building Barracks |
| 29:03 | Kejserguldbajer 2. · first_building Monastery |
| 29:44 | snowshawnskate · first_building Monastery |
| 30:16 | Kejserguldbajer 2. · wall_segment Stone Wall x3 |
| 30:38 | snowshawnskate · first_building Castle |
| 31:37 | snowshawnskate · wall_segment Palisade Wall x1 |
| 31:39 | snowshawnskate · wall_segment Palisade Wall x1 |
| 31:43 | snowshawnskate · wall_segment Palisade Wall x1 |
| 31:44 | snowshawnskate · wall_segment Palisade Wall x1 |
| 32:13 | Kejserguldbajer 2. · first_building Siege Workshop |
| 34:16 | snowshawnskate · age_up imperial |
| 34:49 | Kejserguldbajer 2. · age_up imperial |
| 35:17 | snowshawnskate · wall_segment Palisade Wall x7 |
| 38:48 | snowshawnskate · wall_segment Palisade Wall x1 |
| 38:51 | snowshawnskate · wall_segment Palisade Wall x1 |
| 40:09 | snowshawnskate · resign |
[ AI ANALYSIS · 1 CREDIT ]
What really happened in this match?
Wolo.gg analyzes every decision: build order, eco, micro, common mistakes by bracket. Personalized analysis on WhatsApp or Discord in 30 seconds.
Civ guide
Chinese
Perfil
Jugador #1193732